 Dungeon Sprint DCSS version 0.27.1-33-g824d729ab1 (webtiles) character file.

Game seed: 14031636708374958271

6006 Hipnos the Eclecticist (level 11, -10/73 HPs)
             Began as a Djinni Fire Elementalist on Nov 25, 2021.
             Was a High Priest of Makhleb.
             Mangled by the 27-headed Lernaean hydra (12 damage)
             ... in the Dungeon (Sprint I: "Red Sonja").
             The game lasted 00:16:54 (4521 turns).

Hipnos the Eclecticist (Djinni Fire Elementalist)   Turns: 4521, Time: 00:16:54

Health: -10/73     AC:  6    Str:  7    XL:     11   Next: 10%
Gold:   177        EV: 16    Int: 19    God:    Makhleb [*****.] SH:  0 Dex: 15

rFire    + + +     SeeInvis .   j - +2 scythe (vorpal)
rCold    x . .     Faith    .   (shield currently unavailable)
rNeg     . . .     Spirit   .   i - +0 robe {Archmagi}
rPois    ∞         Reflect  .   (no helmet)
rElec    +         Harm     .   n - +0 cloak
rCorr    .         Rampage  .   q - +2 pair of gloves
Will     +....     Archmagi +   (boots unavailable) Stlth +.........NoTele +
                                (no amulet)
HPRegen  0.22/turn              r - ring of Nobility {Wiz rElec rF+ Stlth-}
MPRegen  0.00/turn              (no ring)

@: flying
A: sickness immunity, fire resistance 2, cold vulnerability 1, float, innate
caster, hp casting, extra vitality 1
a: Renounce Religion, Minor Destruction, Lesser Servant of Makhleb, Major
Destruction, Greater Servant of Makhleb


You were in the Dungeon.
You worshipped Makhleb.
Makhleb was extremely pleased with you.
You visited 1 branch You collected 986 gold pieces.
You spent 809 gold pieces at shops.

Inventory:

Hand Weapons
 g - a +0 club
 j - a +2 vorpal scythe (weapon)
Armour
 a - a +0 robe
 e - a +0 scale mail
 i - a +0 robe of the Archmagi (worn)
 n - a +0 cloak (worn)
 q - a +2 pair of gloves (worn)
Jewellery
 r - the ring of Nobility (left hand) {Wiz rElec rF+ Stlth-}
   (You bought it in a shop in the Dungeon)

   [ring of wizardry]

   It improves your spell success rate.
   rF:        It protects you from fire.
   rElec:     It insulates you from electricity.
   Stlth:     It makes you less stealthy.
Scrolls
 c - a scroll of identify {unknown}
 f - a scroll of blinking
 m - a scroll of magic mapping {unknown}
Potions
 b - 2 potions of curing
 d - a potion of haste
 h - a potion of degeneration {unknown}
 k - a potion of attraction {unknown}
 l - a potion of mutation {unknown}
 o - a potion of brilliance {unknown}
 p - a potion of invisibility {unknown}


   Skills:
 + Level 4.1 Fighting
 + Level 5.3 Armour
 + Level 7.9 Dodging
 - Level 2.9 Stealth
 - Level 3.0 Unarmed Combat
 * Level 16.6 Spellcasting
 * Level 4.7 Invocations


You had 13 spell levels left.
You knew the following spells:

 Your Spells              Type           Power      Damage    Failure   Level
a - Foxfire               Conj/Fire      100%       2x1d9     0%          1
b - Conjure Flame         Conj/Fire      87%        6-21      0%          3
c - Inner Flame           Hex/Fire       87%        N/A       0%          3
d - Sticky Flame          Conj/Fire      87%        2d10      1%          4
e - Fireball              Conj/Fire      43%        3d17      1%          5
f - Apportation           Tloc           100%       N/A       0%          1
g - Blink                 Tloc           N/A        N/A       0%          2
h - Call Canine Familiar  Summ           87%        N/A       0%          3
i - Frozen Ramparts       Ice            100%       1d12      0%          3
j - Agony                 Necr           87%        N/A       1%          5
Your spell library was empty.

Dungeon Overview and Level Annotations

Branches:
Dungeon (1/1)

Altars:
Cheibriados
Dithmenos
Elyvilon
Fedhas
Gozag
Hepliaklqana
Kikubaaqudgha
Makhleb
Nemelex Xobeh
Okawaru
Qazlal
Ru
Sif Muna
Trog
Uskayaw
Vehumet
Wu Jian
Xom
Yredelemnul
Zin
The Shining One
Jiyva
Lugonu

Shops:
D =[[

Annotations:
D Lernaean hydra


Innate Abilities, Weirdness & Mutations

You are immune to sickness and miasma.
You are immune to poison.
Your flesh is very heat resistant. (rF++)
You are vulnerable to cold. (rC-)
You float through the air rather than walking.
You learn spells naturally, not from books.
Your magical power is your life essence.
You have superior vitality. (+4 HP)


Message History

Found 54 gold pieces.
Found 27 gold pieces.
Found 27 gold pieces.
The 27-headed Lernaean hydra comes into view.
The 27-headed Lernaean hydra roars deafeningly!
There is an open door here.
Casting: Fireball (safe; 1% risk of failure)
Confirm with . or Enter, or press ? or * to list all spells.
You feel a surge of power!
The fire begins to smoulder!
The 27-headed Lernaean hydra smothers the flame.
Casting: Conjure Flame (safe; 0% risk of failure)
Confirm with . or Enter, or press ? or * to list all spells.
Okay, then.
Casting: Conjure Flame (safe; 0% risk of failure)
Confirm with . or Enter, or press ? or * to list all spells.
Aiming: Agony (safe; 1% risk of failure)
Press: ? - help, Shift-Dir - straight line, f - 27-headed Lernaean hydra
Aim: the 27-headed Lernaean hydra (chance to affect: 50%)
Okay, then.
Press: ? - help, Shift-Dir - straight line, f - 27-headed Lernaean hydra
Aim: the 27-headed Lernaean hydra You fail to use your ability.
The 27-headed Lernaean hydra bites you! The 27-headed Lernaean hydra bites you.
The 27-headed Lernaean hydra barely misses you.
The 27-headed Lernaean hydra bites you but does no damage.
The 27-headed Lernaean hydra completely misses you.
The 27-headed Lernaean hydra bites you!
The 27-headed Lernaean hydra closely misses you.
The 27-headed Lernaean hydra bites you.
The 27-headed Lernaean hydra misses you.
The 27-headed Lernaean hydra closely misses you.
The 27-headed Lernaean hydra bites you! The 27-headed Lernaean hydra bites you.
* * * LOW HITPOINT WARNING * * *
The 27-headed Lernaean hydra bites you!
* * * LOW HITPOINT WARNING * * *
The 27-headed Lernaean hydra bites you but does no damage.
The 27-headed Lernaean hydra bites you!
* * * LOW HITPOINT WARNING * * *
The 27-headed Lernaean hydra bites you!
You die...

# #.≈..## #
#.≈..# ###..#
#.'..#
#.##'##
#.#≈≈≈## #
#≈≈≈≈##
#≈≈≈≈≈#
##@≈≈≈#≈°°
#D≈≈≈'≈≈.≈
#...##≈≈#≈°≈≈
#$.$ #####'#
#$$$ ≈ ####


You could see the 27-headed Lernaean hydra.

Vanquished Creatures
  A deep elf annihilator (D)
  A mummy priest (D)
  Sonja (D)
  A deep troll (D)
  A lindwurm (D)
  An oklob plant (D)
  A gargoyle (D)
  2 kobold demonologists (D)
  A slime creature (D)
  Sigmund (D)
  A yak (D)
  7 hogs (D)
  2 floating eyes (D)
  An ogre (D)
  A jelly (D)
  Ijyb (D)
24 creatures vanquished.

Vanquished Creatures (others)
  A deep elf master archer (D)
  2 merfolk sirens (D)
  A gargoyle (D)
  4 hornets (D)
  6 hogs (D)
  2 ballistomycete spores (D)
  21 foxfires (D)
37 creatures vanquished.

Grand Total: 61 creatures vanquished

Notes
Turn   | Place    | Note
-------+----------+-------------------------------------------
     0 | D        | Hipnos the Djinni Fire Elementalist began the quest for the
                  | Orb.
     0 | D        | Reached XP level 1. HP: 15/15 MP: 0/0
     1 | D        | Noticed Ijyb
    15 | D        | Killed Ijyb
    16 | D        | Reached skill level 1 in Unarmed Combat
    16 | D        | Reached skill level 4 in Spellcasting
    16 | D        | Reached XP level 2. HP: 21/21 MP: 0/0
    16 | D        | Reached XP level 3. HP: 25/25 MP: 0/0
    16 | D        | Learned a level 1 spell: Apportation
   974 | D        | Killed a hornet
   977 | D        | Noticed an ogre
   983 | D        | Killed an ogre
   984 | D        | Reached skill level 1 in Armour
   984 | D        | Reached skill level 6 in Spellcasting
   984 | D        | Reached XP level 4. HP: 24/31 MP: 0/0
   984 | D        | Reached XP level 5. HP: 27/35 MP: 0/0
   984 | D        | Learned a level 2 spell: Blink
  1052 | D        | Noticed Sigmund
  1056 | D        | Killed Sigmund
  1057 | D        | Reached skill level 8 in Spellcasting
  1057 | D        | Reached XP level 6. HP: 29/40 MP: 0/0
  1157 | D        | Found a burning altar of Makhleb.
  1157 | D        | Found a shimmering altar of Xom.
  1157 | D        | Noticed a slime creature
  1158 | D        | Found a viscous altar of Jiyva.
  1158 | D        | Found a corrupted altar of Lugonu.
  1163 | D        | Killed a slime creature
  1164 | D        | Reached skill level 10 in Spellcasting
  1164 | D        | Reached XP level 7. HP: 17/45 MP: 0/0
  1164 | D        | Learned a level 3 spell: Call Canine Familiar
  1183 | D        | Killed a hornet
  1357 | D        | Became a worshipper of Makhleb the Destroyer
  1360 | D        | Found an ornate altar of the Wu Jian Council.
  1398 | D        | Found Siesykh's Antique Armour Emporium.
  1398 | D        | Found a hazy altar of Hepliaklqana.
  1398 | D        | Found a stormy altar of Qazlal.
  1398 | D        | Found a hide-covered altar of Uskayaw.
  1398 | D        | Found a blossoming altar of Fedhas.
  1398 | D        | Found a bloodstained altar of Trog.
  1398 | D        | Found an iron altar of Okawaru.
  1398 | D        | Found a basalt altar of Yredelemnul.
  1398 | D        | Found a glowing golden altar of the Shining One.
  1398 | D        | Found a snail-covered altar of Cheibriados.
  1398 | D        | Found a sacrificial altar of Ru.
  1398 | D        | Found a glowing silver altar of Zin.
  1398 | D        | Found a shadowy altar of Dithmenos.
  1398 | D        | Found a white marble altar of Elyvilon.
  1398 | D        | Noticed a yak
  1408 | D        | Killed a yak
  1409 | D        | Reached skill level 5 in Dodging
  1409 | D        | Reached skill level 11 in Spellcasting
  1519 | D        | Found an opulent altar of Gozag.
  1520 | D        | Found a sparkling altar of Nemelex Xobeh.
  1555 | D        | Noticed a kobold demonologist
  1556 | D        | Reached * piety under Makhleb
  1556 | D        | Noticed a kobold demonologist
  1557 | D        | Reached XP level 8. HP: 44/50 MP: 0/0
  1557 | D        | Killed a kobold demonologist
  1557 | D        | Killed a kobold demonologist
  1558 | D        | Reached skill level 12 in Spellcasting
  1587 | D        | Killed a hornet
  1665 | D        | Noticed a demonic crawler
  1665 | D        | Noticed a demonic crawler
  1665 | D        | Noticed a demonic crawler
  1665 | D        | Noticed a demonic crawler
  2069 | D        | Killed a merfolk siren
  2083 | D        | Killed a gargoyle
  2161 | D        | Killed a hornet
  2188 | D        | Noticed Sonja
  2190 | D        | Killed Sonja
  2190 | D        | Reached ** piety under Makhleb
  2191 | D        | Reached skill level 1 in Fighting
  2191 | D        | Reached skill level 13 in Spellcasting
  2191 | D        | Reached XP level 9. HP: 44/57 MP: 0/0
  2191 | D        | Learned a level 3 spell: Frozen Ramparts
  2357 | D        | Noticed a deep troll
  2362 | D        | Killed a deep troll
  2363 | D        | Reached skill level 5 in Armour
  2363 | D        | Reached skill level 14 in Spellcasting
  2486 | D        | Found Siki Zuo's Armour Emporium.
  2493 | D        | Bought a +2 pair of gloves for 214 gold pieces
  2525 | D        | Found Xioph's Jewellery Boutique.
  2533 | D        | Bought the ring of Nobility {Wiz rElec rF+ Stlth-} for 595
                  | gold pieces
  2735 | D        | Killed a deep elf master archer
  3325 | D        | Killed a merfolk siren
  3429 | D        | Noticed a gargoyle
  3444 | D        | Killed a gargoyle
  3847 | D        | Noticed a lindwurm
  3863 | D        | Killed a lindwurm
  3864 | D        | Reached skill level 1 in Invocations
  3864 | D        | Reached XP level 10. HP: 45/65 MP: 0/0
  4076 | D        | Reached skill level 15 in Spellcasting
  4081 | D        | Reached *** piety under Makhleb
  4332 | D        | Noticed a deep elf annihilator
  4338 | D        | Reached **** piety under Makhleb
  4344 | D        | Killed a deep elf annihilator
  4345 | D        | Reached skill level 16 in Spellcasting
  4348 | D        | Noticed a mummy priest
  4352 | D        | Paralysed by a floating eye for 4 turns
  4356 | D        | Killed a mummy priest
  4356 | D        | Killed an oklob plant
  4356 | D        | Reached ***** piety under Makhleb
  4357 | D        | Reached XP level 11. HP: 41/73 MP: 0/0
  4357 | D        | Learned a level 5 spell: Agony
  4517 | D        | Noticed the 27-headed Lernaean hydra
  4521 | D        | HP: 2/73 [the 27-headed Lernaean hydra (9)]
  4521 | D        | Mangled by the 27-headed Lernaean hydra

Illustrated notes

Levels and vault maps discovered:
D:        dungeon_sprint_1 [red_sonja_temple_1, red_sonja_temple_small_1]

Skill      XL: |  1  2  3  4  5  6  7  8  9 10 |
---------------+-------------------------------+-----
Dodging        | 3 4 5 6 7 |  7.9
Stealth        | 2 |  2.9
Unarmed Combat | 1 2 3 |  3.0
Spellcasting   | 4 6 8 10 11 13 14 16 | 16.6
Armour         | 1 2 3 4 5 |  5.3
Fighting       | 1 2 4 |  4.1
Invocations    | 1 4 |  4.7

Action                   |  1- 3 |  4- 6 |  7- 9 | 10-12 || total
-------------------------+-------+-------+-------+-------++-------
Melee: Unarmed           |    13 |       |       |       ||    13
 Cast: Foxfire           |     6 |     9 |     2 |       ||    17
       Conjure Flame     |       |     2 |     5 |     2 ||     9
       Sticky Flame      |       |     1 |     7 |     5 ||    13
       Fireball          |       |       |    13 |    14 ||    27
       Call Canine Famil |       |       |     7 |       ||     7
       Blink             |       |       |    12 |       ||    12
       Frozen Ramparts   |       |       |     1 |       ||     1
  Use: Potion            |     1 |       |     2 |       ||     3
Armor: Robe              |     1 |       |     9 |     3 ||    13
Dodge: Dodged            |     5 |     2 |    45 |    13 ||    65
